 Dungeon Crawl Stone Soup version 0.29.1-15-g9cfb28693d (webtiles) character file.

Game seed: 6781655641765168935

45 Arctor the Digger (level 3, -2/28 HPs)
             Began as a Gargoyle Earth Elementalist on Feb 24, 2023.
             Slain by a scorpion (6 damage)
             ... on level 3 of the Dungeon.
             The game lasted 00:01:38 (1588 turns).

Arctor the Digger (Gargoyle Earth Elementalist)     Turns: 1588, Time: 00:01:38

Health: -2/28      AC: 21    Str: 11    XL:     3   Next: 64%
Magic:  3/6        EV:  2    Int: 17    God:
Gold:   84         SH:  0    Dex: 10    Spells: 5/6 levels left

rFire   + . .      SeeInvis .   (no weapon)
rCold   + . .      Faith    .   (no shield)
rNeg    + . .      Spirit   .   (body armour currently unavailable)
rPois   ∞          Reflect  .   (helmet currently unavailable)
rElec   +          Harm     .   (cloak currently unavailable)
rCorr   +          Rampage  .   (gloves currently unavailable)
Will    .....      Clarity  +   (boots currently unavailable)
Stlth   ++........ NoTele   +   (no amulet)
HPRegen 0.09/turn               (no ring)
MPRegen 0.10/turn               (no ring)

@: tree-form, resistant
A: stationary, stasis, torment immunity, boosted hp, sickness immunity, AC +3,
negative energy resistance 1, (electricity resistance), torment resistance 1,
petrification resistance, clarity, MP-powered wands
a: no special abilities


You were on level 3 of the Dungeon.
You were a tree.
You visited 1 branch of the dungeon, and saw 3 of its levels.

You collected 84 gold pieces.

Inventory:

Armour
 a - a +0 robe (melded)
Wands
 k - a wand of roots (1)
Scrolls
 c - a scroll of immolation {unknown}
 d - a scroll of magic mapping {unknown}
 g - a scroll of torment {unknown}
 h - a scroll of noise {unknown}
 j - a scroll of teleportation {unknown}
Potions
 b - a potion of magic
 f - a potion of mutation
 i - a potion of resistance


   Skills:
 + Level 2.0 Dodging
 + Level 2.8 Stealth
 + Level 2.3 Spellcasting
 + Level 1.3 Transmutations
 + Level 4.0 Earth Magic


You had 5 spell levels left.
You knew the following spells:

 Your Spells              Type           Power      Damage    Failure   Level
a - Sandblast             Erth           30%        2d9       3%          1

Your spell library contained the following spells:

 Spells                   Type           Power      Damage    Failure   Level
 Passwall                 Tmut/Erth      9%         N/A       10%         2
 Stone Arrow              Conj/Erth      16%        3d8       24%         3
 Gell's Gravitas          Tloc           2%         N/A       50%         3
 Lesser Beckoning         Tloc           2%         N/A       50%         3
 Teleport Other           Tloc           2%         N/A       50%         3
 Petrify                  Tmut/Erth      11%        N/A       52%         4


Dungeon Overview and Level Annotations

Branches:
Dungeon (3/15)

Altars:


Innate Abilities, Weirdness & Mutations

You are a tree.
Your roots penetrate the ground, keeping you stationary.
You cannot be teleported.
You are immune to unholy pain and torment.
Your maximum health is greatly increased.
Your equipment is partially melded.
You are immune to sickness and miasma.
((Your stone body is resilient. (AC +3)))
You are immune to poison.
You resist negative energy. (rN+)
((You are resistant to electric shocks. (rElec)))
You are resistant to unholy torment.
You are immune to petrification.
You possess an exceptional clarity of mind.
You expend magic power (3 MP) to strengthen your wands.


Message History

The orc closely misses you.
Casting: Sandblast (safe; 3% risk of failure)
Confirm with . or Enter, or press ? or * to list all spells.
Aiming: Sandblast (safe; 3% risk of failure)
Press: ? - help, Shift-Dir - straight line, f - orc
Aim: an orc, wielding a +0 club (82% to hit)
The blast of sand hits the orc!!
You kill the orc!
The rat bites you.
Unknown command.
The scorpion attacks as you move away! The scorpion stings you.
The rat attacks as you move away! The rat closely misses you.
The scorpion attacks as you move away! The scorpion stings you.
There is an open door here.
Things that are here:
a +0 club; a goblin corpse The scorpion attacks as you move away!
The scorpion stings you but does no damage.
Casting: Sandblast (safe; 3% risk of failure)
Confirm with . or Enter, or press ? or * to list all spells.
Aiming: Sandblast (safe; 3% risk of failure)
Press: ? - help, Shift-Dir - straight line, f - scorpion
Aim: a scorpion (82% to hit)
The blast of sand hits the scorpion.
The scorpion is moderately wounded.
The scorpion barely misses you. The scorpion stings you.
* * * LOW HITPOINT WARNING * * *
It was a potion of lignification.
You turn into a tree.
Your +0 robe melds into your body.
Your roots penetrate the ground.
The scorpion stings you.
* * * LOW HITPOINT WARNING * * *
It was a potion of mutation.
You feel extremely strange.
You feel your magical essence link to the dungeon's wands.
Your thoughts seem clearer.
The scorpion stings you but does no damage.
It was a potion of resistance.
You feel protected.
The scorpion stings you but does no damage.
The scorpion stings you.
You die...

###'######..#........
#.....#/###.#.#######
.[$.#..####.#
$.$.'...###.#
?..#..).##.#
...#...!.#.#
+####....#.#
...###..rs.#
....###.r#♣#
.....###.#..#
#.....####.>#
##....S###.##
####+####..#
..........# ........#
......###


You could see a scorpion, a ball python and 2 rats.

Vanquished Creatures
  2 adders
  A worm (D:2)
  An orc (D:3)
  A giant cockroach (D:3)
  3 hobgoblins
  2 quokkas
  3 ball pythons
  3 bats
  2 frilled lizards (D:1)
  2 goblins
  3 kobolds
  3 rats
26 creatures vanquished.

Notes
Turn   | Place    | Note
-------+----------+-------------------------------------------
     0 | D:1      | Arctor the Gargoyle Earth Elementalist began the quest for
                  | the Orb.
     0 | D:1      | Reached XP level 1. HP: 10/10 MP: 3/3
   260 | D:1      | Reached skill level 1 in Transmutations
   260 | D:1      | Reached XP level 2. HP: 15/15 MP: 3/5
   673 | D:2      | Found a faded altar of an unknown god.
   980 | D:2      | Reached XP level 3. HP: 19/19 MP: 4/6
  1390 | D:3      | Reached skill level 4 in Earth Magic
  1475 | D:3      | Noticed a scorpion
  1587 | D:3      | Gained mutation: You expend magic power (3 MP) to
                  | strengthen your wands. [potion of mutation]
  1587 | D:3      | Gained mutation: You possess an exceptional clarity of
                  | mind. [potion of mutation]
  1588 | D:3      | Slain by a scorpion

Illustrated notes

Levels and vault maps discovered:
D:1:      minmay_arrival_up_and_down, layout_rooms
D:2:      layout_basic, hellmonk_ecumenical_altar_zigzags
D:3:      layout_basic, lemuel_coloured_pillars_altar, minmay_quadrilaterals,
          uniq_ijyb

Skill      XL: |  1  2  3 |
---------------+----------+-----
Transmutations | 1 |  1.3
Dodging        | 2 |  2.0
Earth Magic    | 4 |  4.0
Stealth        | |  2.8
Spellcasting   | |  2.3

Action                   || total
-------------------------++-------
Melee: Unarmed           ||    19
 Cast: Sandblast         ||    36
  Use: Potion            ||     3
Armor: Robe              ||    14
       Skin              ||     2
Dodge: Dodged            ||    24
